 Dungeon Crawl Stone Soup version 0.31-a0-851-g7ff8af7976 (webtiles) character file.

Game seed: 12042419416132070060

8268 avis the Nimble (level 10, 0/86 HPs)
             Began as a Demigod Shapeshifter on Oct 6, 2023.
             Slain by a death yak (25 damage)
             ... in an ice cave.
             The game lasted 01:07:02 (12515 turns).

avis the Nimble (Demigod Shapeshifter)             Turns: 12515, Time: 01:07:02

Health: 0/86       AC:  6    Str: 13    XL:     10   Next: 80%
Magic:  13/13      EV: 21    Int: 12    God:
Gold:   797        SH:  0    Dex: 27    Spells: 9/9 levels left

rFire   + + .        a - +10 halberd "Ocragg" {flame, rF++ rN++ Str-2 Dex+2}
rCold   . . .        (shield currently unavailable)
rNeg    + + .        t - +0 acid dragon scales
rPois   +            (helmet currently unavailable)
rElec   .            (cloak currently unavailable)
rCorr   +            (gloves currently unavailable)
SInv    .            (boots currently unavailable)
Will    +....        (no amulet)
Stlth   ++           O - ring of poison resistance
HPRegen 0.34/turn    (no ring)
MPRegen 0.13/turn

%: no passive effects
@: beast-form
A: beast (slay +4), high MP 1, forlorn, divine attributes
a: Begin Untransformation


You were in an ice cave.
You were a hulking beast.
You visited 2 branches of the dungeon, and saw 12 of its levels.
You also visited: Ice Cave.

You collected 797 gold pieces.

Inventory:

Hand Weapons
 a - the +10 halberd "Ocragg" (weapon) {flame, rF++ rN++ Str-2 Dex+2}
   (You found it on level 2 of the Dungeon)

   Str-2:     It affects your strength (-2).
   Dex+2:     It affects your dexterity (+2).
   rF++:      It greatly protects you from fire.
   rN++:      It greatly protects you from negative energy.
 b - a +0 arbalest
Missiles
 c - 4 datura-tipped darts
 m - 5 boomerangs
 B - a throwing net
 K - 2 atropa-tipped darts
 N - 23 poisoned darts
Armour
 t - +0 acid dragon scales (worn)
 Q - the +3 scale mail of the Boiling Point {Harm rF+ Str+3}
   (You found it on level 6 of the Dungeon)

   Str+3:     It affects your strength (+3).
   rF+:       It protects you from fire.
   Harm:      It increases damage dealt and taken.
Jewellery
 O - a ring of poison resistance (left hand)
Talismans
 e - a beast talisman (active)
 f - a flux talisman
 l - a blade talisman
Wands
 u - a wand of roots (8)
 A - a wand of flame (48)
 S - a wand of digging (7)
 U - a wand of acid (3)
Scrolls
 i - a scroll of fog
 j - 3 scrolls of enchant weapon {unknown}
 n - a scroll of fear
 o - 5 scrolls of poison {unknown}
 p - 2 scrolls of enchant armour {unknown}
 r - 3 scrolls of silence {unknown}
 w - 4 scrolls of amnesia {unknown}
 C - 2 scrolls of teleportation {unknown}
 D - a scroll of revelation
 E - a scroll of vulnerability {unknown}
 G - 3 scrolls of blinking {unknown}
 J - 4 scrolls of noise {unknown}
Potions
 d - a potion of might {unknown}
 g - 2 potions of brilliance
 h - 2 potions of mutation {unknown}
 k - a potion of degeneration {unknown}
 q - 5 potions of curing
 s - a potion of attraction {unknown}
 z - a potion of cancellation {unknown}
 F - a potion of resistance {unknown}
 H - a potion of magic {unknown}
 I - 3 potions of heal wounds
 L - 2 potions of haste {unknown}
Miscellaneous
 x - a phantom mirror
 T - a tin of tremorstones (2/2)


   Skills:
 - Level 7.0 Fighting
 * Level 11.0 Dodging
 - Level 4.0 Unarmed Combat
 - Level 8.5 Shapeshifting


You had 9 spell levels left.
You didn't know any spells.
Your spell library contained the following spells:

 Spells                   Type           Power      Damage    Failure   Level
 Apportation              Tloc           0%         N/A       43%         1
 Necrotise                Necr           0%         1d4       43%         1
 Summon Small Mammal      Summ           0%         N/A       43%         1
 Ensorcelled Hibernation  Hex/Ice        0%         N/A       58%         2
 Passwall                 Tmut/Erth      0%         N/A       58%         2
 Swiftness                Air            0%         N/A       82%         3
 Olgreb's Toxic Radiance  Pois           0%         N/A       99%         4
 Discord                  Hex            0%         N/A       100%        8
 Ignition                 Fire           0%         3d3       100%        8
 Chain Lightning          Conj/Air       0%         N/A       100%        9
 Fire Storm               Conj/Fire      0%         5d1       100%        9
 Shatter                  Erth           0%         3d5*      100%        9


Dungeon Overview and Level Annotations

Branches:
Dungeon (11/15)            Temple (1/1) D:7             Orc (0/2) D:10
  IceCv (1/1)
   Lair: D:8-11

Annotations:
D:2 Can't reach some places
D:5 2 transporters, Thrassey's ghost, amateur DsRe


Innate Abilities, Weirdness & Mutations

You are a hulking beast.
Your limbs bulge with bestial killing power. (Slay +4)
You have an increased reservoir of magic. (+10% MP)
You shall have no god before yourself.
Your divine heritage dramatically boosts your attributes as you level up.


Message History

The yak bellows!
A wolf comes into view.
The wolf bites you.
The death yak snorts and paws the ground.
A yak comes into view.
The wolf misses you.
You puncture the wolf! You burn the wolf.
You kill the wolf!
The wolf closely misses you. The wolf bites you!
Training target 8.5 for Shapeshifting reached!
You need to enable at least one skill for training.
Okay, then.
Okay, then.
You slash the wolf! You burn the wolf.
The wolf is heavily wounded.
The wolf bites you. The wolf barely misses you.
You slice the wolf!! You burn the wolf.
You kill the wolf!
The wolf misses you. The wolf completely misses you.
Reach: a) +10 halberd "Ocragg" {flame, rF++ rN++ Str-2 Dex+2}
Press: ? - help, Dir - move target, f - death yak
Aim: a death yak (about 14% to evade the +10 halberd "Ocragg")
The wolf is in the way.
You barely miss the wolf. The wolf misses you.
You hit the death yak. You burn the death yak.
The death yak is lightly wounded.
The death yak gores you!!
You hit the death yak but do no damage.
The death yak is lightly wounded.
The death yak gores you!! x2
* * * LOW HITPOINT WARNING * * *
You feel much better. The death yak completely misses you.
Aiming: Phantom Mirror
Press: ? - help, Dir - move target, f/p - death yak
Aim: a death yak (lightly wounded) Nothing appears to happen.
The death yak gores you!
* * * LOW HITPOINT WARNING * * *
Okay, then.
The death yak attacks as it pursues you!
The death yak gores you!!
You die... ##.# #..# ## #. #.## .# ... #.## #Y#.. #.## YYh

##.## ##†#
##.### #Y##
#..##. ##h#
#.###. ##.#
##†# #. #.####
#..# #.
#....### ##.##
##
#......#####..#
##
##........#..##
#.
#####......##
#. #####..# ##
#### #


You could see a death yak.

Vanquished Creatures
  A two-headed ogre (D:10)
  2 kobold demonologists
  3 polar bears (IceCv)
  Grinder (D:4)
  A hornet (D:5)
  A troll (D:9)
  6 yaks
  A vampire (D:9)
  2 steam dragons (D:9)
  Menkaure (D:7)
  Edmund (D:4)
  An acid dragon (D:8)
  An orc warrior (D:4)
  A sky beast (D:7)
  3 black bears
  4 ice beasts
  3 ogres
  5 wolves (IceCv)
  2 centaurs
  3 phantoms
  3 kobold brigands
  A gnoll sergeant (D:7)
  A bullfrog (D:8)
  7 scorpions
  8 wights
  5 killer bees
  A howler monkey (D:10)
  2 jellies (D:6)
  3 hounds (D:5)
  5 orc priests
  A gnoll bouda (D:5)
  3 sleepcaps
  7 iguanas (D:5)
  Ijyb (D:3)
  8 orc wizards
  7 gnolls
  4 adders
  A shadow imp (D:5)
  12 white imps
  An ufetubus (D:4)
  3 worms
  A dart slug (D:2)
  29 orcs
  6 ball pythons
  2 bats
  7 endoplasms
  2 giant cockroaches
  4 goblins
  4 hobgoblins
  11 jackals
  5 quokkas
  2 frilled lizards
  19 kobolds
  6 rats
  A butterfly (D:7)
226 creatures vanquished.

Vanquished Creatures (others)
  A wizard (D:8)
1 creature vanquished.

Grand Total: 227 creatures vanquished

Notes
Turn   | Place    | Note
-------+----------+-------------------------------------------
     0 | D:1      | avis the Demigod Shapeshifter began the quest for the Orb.
     0 | D:1      | Reached XP level 1. HP: 15/15 MP: 3/3
    52 | D:1      | Reached skill level 1 in Fighting
   100 | D:1      | Reached skill level 2 in Dodging
   352 | D:1      | Reached XP level 2. HP: 24/24 MP: 4/4
   944 | D:2      | Identified the +10 halberd "Ocragg" {flame, rF++ rN++ Str-2
                  | Dex+2}
  1415 | D:2      | Reached XP level 3. HP: 29/29 MP: 5/5
  2328 | D:3      | Noticed Ijyb
  2333 | D:3      | Killed Ijyb
  2334 | D:3      | Reached skill level 3 in Dodging
  2479 | D:3      | Reached XP level 4. HP: 20/38 MP: 6/6
  3285 | D:4      | Noticed a phantom
  3301 | D:4      | Killed a phantom
  3302 | D:4      | Reached XP level 5. HP: 32/45 MP: 7/7
  3352 | D:4      | Noticed Grinder
  3356 | D:4      | Paralysed by Grinder for 3 turns
  3362 | D:4      | Killed Grinder
  3363 | D:4      | Reached skill level 4 in Dodging
  3363 | D:4      | Reached XP level 6. HP: 36/52 MP: 8/8
  3670 | D:4      | Reached skill level 5 in Dodging
  3896 | D:4      | Reached XP level 7. HP: 28/59 MP: 9/9
  4195 | D:4      | Noticed Edmund
  4225 | D:4      | Killed Edmund
  4646 | D:5      | Entered Level 5 of the Dungeon
  4669 | D:5      | Reached skill level 6 in Dodging
  4850 | D:5      | Reached skill level 5 in Shapeshifting
  4850 | D:5      | Reached XP level 8. HP: 66/66 MP: 10/10
  5201 | D:5      | Found a transporter.
  5205 | D:5      | Noticed Thrassey's ghost (amateur DsRe)
  5277 | D:5      | Reached skill level 7 in Dodging
  5380 | D:5      | Reached skill level 5 in Fighting
  5491 | D:5      | Noticed a hornet
  5497 | D:5      | Killed a hornet
  5498 | D:5      | Reached skill level 8 in Dodging
  5850 | D:5      | Reached XP level 9. HP: 75/75 MP: 11/11
  6033 | D:5      | Found a transporter.
  7045 | D:6      | Identified the +3 scale mail of the Boiling Point {Harm rF+
                  | Str+3}
  7360 | D:7      | Reached skill level 9 in Dodging
  7864 | D:7      | Found a staircase to the Ecumenical Temple.
  7872 | Temple   | Entered the Ecumenical Temple
  8305 | D:7      | Noticed an angel
  8397 | D:7      | Noticed Menkaure
  8402 | D:7      | Killed Menkaure
  8703 | D:7      | Noticed a profane servitor
  9638 | D:8      | Noticed a wizard
  9645 | D:8      | Killed a wizard
 10455 | D:9      | Reached skill level 10 in Dodging
 10455 | D:9      | Reached XP level 10. HP: 83/83 MP: 13/13
 10667 | D:9      | Noticed a soul eater
 10672 | D:9      | Noticed a smoke demon
 10869 | D:10     | Entered Level 10 of the Dungeon
 11030 | D:10     | Noticed a two-headed ogre
 11036 | D:10     | Killed a two-headed ogre
 11191 | D:10     | Reached skill level 11 in Dodging
 11589 | D:10     | Found a staircase to the Orcish Mines.
 12092 | D:11     | Found a frozen archway.
 12145 | IceCv    | Entered an ice cave
 12504 | IceCv    | Noticed a death yak
 12515 | IceCv    | Slain by a death yak

Illustrated notes

Levels and vault maps discovered:
D:1:      dpeg_arrival_refuge, layout_loops_corners,
          hellmonk_ecumenical_altar_zigzags, minmay_misc_feat_four_crosses
D:2:      kennysheep_big_flooded_room, layout_loops_corners, nrook_uturn
D:3:      layout_basic, uniq_ijyb
D:4:      layout_basic, marbit_many_paths, kennysheep_generic_room_5,
          uniq_edmund, uniq_grinder
D:5:      minmay_polygon_palace, layout_layer_cave, gammafunk_ghost_mausoleum
D:6:      layout_loops_ring, mainiacjoe_overflow_two_lobes,
          mainiacjoe_overflow_brackets
D:7:      layout_basic, grunt_temple_overflow_holy_war,
          minmay_temple_entry_butterflies, uniq_menkaure
D:8:      layout_basic, trog_wizard, ashenzari_altar_1
D:9:      layout_long_grid, vehumet_altar_wand_db
D:10:     layout_basic, orc_0_dummy
D:11:     minmay_the_grid_plus_closed [minmay_the_grid_fan,
          minmay_the_grid_tree, minmay_the_grid_spikes,
          minmay_the_grid_dragon_b, minmay_the_grid_prize_big_room],
          layout_loops_ring, portal_ice_cave_entry_imps,
          ebering_ghost_inner_flame, kennysheep_vampire_church, uniq_erolcha
Temple:   oiseaux_autumnal_temple
IceCv:    ice_cave_caverns_01

Skill      XL: |  1  2  3  4  5  6  7  8  9 10 |
---------------+-------------------------------+-----
Fighting       | 1 2 3 4 5 6 7 |  7.0
Dodging        | 2 3 4 5 6 8 10 11 | 11.0
Unarmed Combat | 3 4 |  4.0
Shapeshifting  | 3 5 7 8 |  8.5

Action                     |  1- 3 |  4- 6 |  7- 9 | 10-12 || total
---------------------------+-------+-------+-------+-------++-------
  Melee: Unarmed           |    34 |       |     1 |       ||    35
         Halberd           |    37 |    58 |   156 |    84 ||   335
   Fire: Sling             |    19 |       |       |       ||    19
         Arbalest          |     9 |    15 |   121 |    35 ||   180
  Evoke: Phantom mirror    |       |       |       |     1 ||     1
    Use: Potion            |     1 |       |     1 |     1 ||     3
         Scroll            |       |       |     5 |     2 ||     7
   Stab: Sleeping          |       |       |       |     1 ||     1
 Armour: Animal skin       |    13 |       |       |       ||    13
         Ring mail         |    18 |    32 |    49 |       ||    99
         Skin              |     6 |       |     5 |       ||    11
         Scale mail        |       |       |    36 |       ||    36
         Acid dragon scale |       |       |    14 |    57 ||    71
  Dodge: Dodged            |    40 |    32 |   171 |   134 ||   377

Table legend: (Time is in decaauts)
 A = Elapsed time spent in this place.
 B = Non-inter-level travel time spent in this place.
 C = Inter-level travel time spent in this place.
 D = Time resting spent in this place.
 E = Time spent auto-exploring this place.
 F = Levels seen in this place.
 G = Mean time per level.
                   A        B        C        D        E       F      G
               +--------+--------+--------+--------+--------+-----+--------+
         Total |  12817 |  10866 |   1951 |   1949 |   6385 |  13 |  985.9 |
       Dungeon |  12404 |  10455 |   1949 |   1699 |   6385 |  11 | 1127.6 |
        Temple |     28 |     26 |      2 |      0 |      0 |   1 |   28.0 |
      Ice Cave |    385 |    385 |      0 |    250 |      0 |   1 |  385.0 |
               +--------+--------+--------+--------+--------+-----+--------+

Top non-repeatable levels by time:
     D:5: 1863 daAuts
     D:4: 1533 daAuts
     D:7: 1408 daAuts
     D:2: 1220 daAuts
     D:6: 1207 daAuts
     D:9: 1095 daAuts
     D:1: 1057 daAuts
     D:3: 1032 daAuts
    D:10: 1028 daAuts
     D:8: 922 daAuts
   IceCv: 385 daAuts
    D:11: 34 daAuts
  Temple: 28 daAuts
